 Dungeon Crawl Stone Soup version 0.32-a0-329-ge6c31236d6 (webtiles) character file.

Game seed: 8489243568204464339

2788 Sobieck the Fighter (level 9, -8/101 HPs)
             Began as an Oni Fighter on Feb 16, 2024.
             Was a Follower of Qazlal.
             Mangled by an ogre
             ... wielding a +0 halberd
              (16 damage)
             ... in a bailey.
             The game lasted 00:11:06 (7045 turns).

Sobieck the Fighter (Oni Fighter)                   Turns: 7045, Time: 00:11:06

Health: -8/101     AC:  5    Str: 26    XL:     9   Next: 71%
Magic:  9/9        EV: 10    Int:  9    God:    Qazlal [*.....]
Gold:   343        SH: 13    Dex: 14    Spells: 8/8 levels left

rFire   . . .        a - +1 flail
rCold   . . .        c - +1 kite shield
rNeg    + . .        s - +2 robe {Will+}
rPois   .            (helmet restricted)
rElec   .            (no cloak)
rCorr   .            (gloves unavailable)
SInv    .            (boots unavailable)
Will    +....        (no amulet)
Stlth   +            l - +6 ring of dexterity
HPRegen 0.36/turn    n - ring of positive energy
MPRegen 0.11/turn

%: no passive effects
@: no status effects
A: large, unfitting armour, horns 1, tough skin 1, double potion healing,
drunken brawling
a: Renounce Religion


You were in a bailey.
You worshipped Qazlal.
Qazlal was aware of your devotion.
You visited 1 branch of the dungeon, and saw 7 of its levels.
You also visited: Bailey.

You collected 343 gold pieces.

Inventory:

Hand Weapons
 a - a +1 flail (weapon)
 d - a +0 giant spiked club
Missiles
 j - 80 stones (quivered)
 k - 2 poisoned darts
 v - 4 javelins
 Z - 2 throwing nets
Armour
 b - a +0 robe
 c - a +1 kite shield (worn)
 e - an orb of mayhem
 s - a +2 robe of willpower (worn)
Jewellery
 l - a +6 ring of dexterity (left hand)
 n - a ring of positive energy (right hand)
Scrolls
 o - a scroll of immolation {unknown}
 q - a scroll of noise
Potions
 f - 3 potions of magic
 g - a potion of might
 h - 2 potions of ambrosia
 i - 2 potions of invisibility {unknown}
 m - a potion of attraction {unknown}
 r - a potion of resistance {unknown}
 t - a potion of brilliance {unknown}
 Q - 4 potions of curing


   Skills:
 + Level 9.7 Fighting
 + Level 6.8 Maces & Flails
 - Level 4.0 Throwing
 - Level 5.0 Dodging
 + Level 6.6 Shields


You had 8 spell levels left.
You didn't know any spells.
Your spell library contained the following spells:

 Spells                   Type           Power      Damage    Failure   Level
 Summon Small Mammal      Summ           0%         N/A       58%         1
 Call Canine Familiar     Summ           0%         N/A       92%         3
 Inner Flame              Hex/Fire       0%         N/A       92%         3
 Summon Blazeheart Golem  Fire/Summ      0%         N/A       100%        4
 Irradiate                Conj/Alch      0%         3d11      100%        5
 Ignition                 Fire           0%         3d3       100%        8


Dungeon Overview and Level Annotations

Branches:
Dungeon (7/15)             Temple (0/1) D:4          Bailey (1/1)

Altars:
Qazlal
Uskayaw
Yredelemnul


Innate Abilities, Weirdness & Mutations

You are too large for most types of armour.
You have a pair of small horns on your head.
You have tough skin. (AC +1)
You gain doubled healing and magic from potions.
Whenever you drink a healing potion, you attack all around you.


Message History

The ogre closely misses you. x2
You closely miss the ogre.
The ogre is almost dead.
The ogre closely misses you. The ogre barely misses you.
You sock the ogre!
You kill the ogre!
Qazlal accepts your kill.
The ogre hits you from afar with a +0 halberd.
The ogre hits you with a +0 glaive!!
* * * LOW HITPOINT WARNING * * *
You are too injured to fight recklessly!
You are too injured to fight recklessly!
You sock the ogre! You headbutt the ogre!
The ogre is almost dead.
You block the ogre's attack.
Unknown command.
You hit the ogre.
The ogre is almost dead.
The ogre barely misses you.
You bludgeon the ogre!!
You kill the ogre!
Qazlal accepts your kill.
The ogre hits you from afar with a +0 halberd!
* * * LOW HITPOINT WARNING * * *
Unknown command.
The ogre hits you with a +0 halberd!
* * * LOW HITPOINT WARNING * * *
You hit the ogre.
The ogre is lightly wounded.
The ogre closely misses you.
You barely miss the ogre.
The ogre is lightly wounded.
You hit the ogre.
The ogre is moderately wounded.
The ogre hits you with a +0 halberd!!
* * * LOW HITPOINT WARNING * * *
You hit the ogre. You headbutt the ogre.
The ogre is heavily wounded.
The ogre closely misses you.
Unknown command.
You barely miss the ogre.
The ogre is heavily wounded.
You block the ogre's attack.
You hit the ogre.
The ogre is heavily wounded.
Unknown command.
You hit the ogre. You headbutt the ogre.
The ogre is heavily wounded.
The ogre hits you with a +0 halberd!
You die...

##.## ##...##
#.. #.....#
#..#
##.....###..#
#...∩..~~~..#
#......~~~..#
#.....)~~~..#
#....§)~~~..#
#..)∩.@O~~..#
##.....###..#
#.....# ..
##...## .
##.## ###


You could see an ogre.

Vanquished Creatures
  Jeremiah (D:6)
  Prince Ribbit (D:6)
  Sigmund (D:6)
  A water moccasin (D:6)
  An orc warrior (D:5)
  2 ice beasts (D:5)
  6 ogres
  A centaur (D:6)
  A phantom (D:5)
  2 scorpions
  A bombardier beetle (D:6)
  An electric eel (D:6)
  6 hounds
  An orc priest (D:5)
  2 gnoll boudas
  2 iguanas (D:5)
  3 sleepcaps
  3 orc wizards
  15 gnolls
  8 adders
  A shadow imp (D:6)
  A white imp (D:6)
  2 ribbon worms (D:4)
  4 dart slugs
  17 orcs
  11 endoplasms
  6 giant cockroaches
  8 hobgoblins
  7 jackals
  4 quokkas
  5 ball pythons
  3 bats
  5 frilled lizards
  7 goblins
  A jackal zombie (D:3)
  6 kobolds
  2 quokka zombies (D:3)
  2 rats (D:3)
151 creatures vanquished.

Notes
Turn   | Place    | Note
-------+----------+-------------------------------------------
     0 | D:1      | Sobieck the Oni Fighter began the quest for the Orb.
     0 | D:1      | Reached XP level 1. HP: 24/24 MP: 1/1
   190 | D:1      | Reached XP level 2. HP: 15/32 MP: 2/2
   322 | D:1      | Reached XP level 3. HP: 38/40 MP: 3/3
   323 | D:1      | Reached skill level 1 in Throwing
   371 | D:1      | Reached skill level 3 in Dodging
   371 | D:1      | Reached skill level 3 in Shields
  1071 | D:2      | Reached XP level 4. HP: 49/49 MP: 4/4
  1559 | D:3      | You fall into a shaft and drop 2 floors!
  1559 | D:5      | Entered Level 5 of the Dungeon
  1560 | D:5      | Noticed an ice beast
  1570 | D:5      | Killed an ice beast
  1571 | D:5      | Reached skill level 5 in Fighting
  1571 | D:5      | Reached skill level 3 in Maces & Flails
  1571 | D:5      | Reached XP level 5. HP: 57/57 MP: 5/5
  1662 | D:5      | Reached XP level 6. HP: 60/66 MP: 6/6
  2099 | D:5      | Reached XP level 7. HP: 62/74 MP: 7/7
  2373 | D:4      | Reached skill level 3 in Throwing
  2486 | D:3      | Reached skill level 6 in Fighting
  2690 | D:3      | Found a basalt altar of Yredelemnul.
  3101 | D:4      | Found a stormy altar of Qazlal.
  3170 | D:4      | Became a worshipper of Qazlal Stormbringer
  3660 | D:4      | Found a staircase to the Ecumenical Temple.
  4308 | D:5      | Reached XP level 8. HP: 30/84 MP: 8/8
  4787 | D:6      | Noticed Sigmund
  4795 | D:6      | Killed Sigmund
  4796 | D:6      | Reached skill level 7 in Fighting
  5303 | D:6      | Reached * piety under Qazlal
  5371 | D:6      | Noticed Jeremiah
  5391 | D:6      | Killed Jeremiah
  5392 | D:6      | Reached skill level 8 in Fighting
  5392 | D:6      | Reached XP level 9. HP: 56/97 MP: 9/9
  5877 | D:6      | Reached skill level 6 in Maces & Flails
  5884 | D:6      | Reached skill level 6 in Shields
  6243 | D:6      | Noticed Prince Ribbit
  6259 | D:6      | Killed Prince Ribbit
  6260 | D:6      | Reached skill level 9 in Fighting
  6861 | D:7      | Found a hide-covered altar of Uskayaw.
  6999 | D:7      | Found a flagged portal.
  7005 | Bailey   | Entered a bailey
  7045 | Bailey   | Mangled by an ogre

Illustrated notes

Levels and vault maps discovered:
D:1:      lightli_arrival_boilingwater, layout_rooms
D:2:      layout_loops_corners
D:3:      minmay_inner_zag, layout_basic, nicolae_yredelemnul_corpse_copse,
          minmay_misc_feat_nine_boxes
D:4:      layout_loops_ring, overflow_temple_1_default,
          minmay_temple_entry_hall, chequers_avenue, grunt_ministairs_13
D:5:      layout_loops_cross
D:6:      layout_gridville, serial_bayou_ford_a, uniq_prince_ribbit1,
          uniq_sigmund, uniq_jeremiah
D:7:      layout_loops_ring, nicolae_uskayaw_suspiria, enter_bailey_3,
          minmay_increasing_density
Bailey:   bailey_polearm_enchanted_keep_hellmonk, bailey

Skill      XL: |  1  2  3  4  5  6  7  8  9 |
---------------+----------------------------+-----
Throwing       | 1 2 3 4 |  4.0
Dodging        | 3 4 5 |  5.0
Shields        | 3 4 5 6 |  6.6
Fighting       | 5 6 8 9 |  9.7
Maces & Flails | 3 4 5 6 |  6.8

Action                     |  1- 3 |  4- 6 |  7- 9 || total
---------------------------+-------+-------+-------++-------
  Melee: Flail             |    70 |    55 |   357 ||   482
         Headbutt          |     9 |     6 |    70 ||    85
  Throw: Stone             |       |    14 |    15 ||    29
    Use: Potion            |       |     2 |     4 ||     6
         Scroll            |       |       |     8 ||     8
   Stab: Sleeping          |       |     1 |     3 ||     4
 Armour: Robe              |    35 |    30 |   231 ||   296
  Dodge: Dodged            |    19 |    16 |   131 ||   166
  Block: Kite shield       |    31 |    23 |   195 ||   249

Table legend: (Time is in decaauts)
 A = Elapsed time spent in this place.
 B = Non-inter-level travel time spent in this place.
 C = Inter-level travel time spent in this place.
 D = Time resting spent in this place.
 E = Time spent auto-exploring this place.
 F = Levels seen in this place.
 G = Mean time per level.
                   A        B        C        D        E       F      G
               +--------+--------+--------+--------+--------+-----+--------+
         Total |   7218 |   6930 |    288 |   1425 |   4074 |   8 |  902.2 |
       Dungeon |   7175 |   6887 |    288 |   1425 |   4074 |   7 | 1025.0 |
        Bailey |     42 |     42 |      0 |      0 |      0 |   1 |   42.0 |
               +--------+--------+--------+--------+--------+-----+--------+

Top non-repeatable levels by time:
     D:6: 1819 daAuts
     D:5: 1643 daAuts
     D:4: 1165 daAuts
     D:2: 897 daAuts
     D:3: 811 daAuts
     D:1: 615 daAuts
     D:7: 223 daAuts
  Bailey: 42 daAuts
